 Dungeon Crawl Stone Soup version 0.27-a0-1590-g15f69828bf (webtiles) character file.

Game seed: 5296357839848555548

15 Aviak the Insei (level 2, -3/23 HPs)
             Began as a Demigod Transmuter on July 18, 2021.
             Slain by a hobgoblin (7 damage)
             ... on level 1 of the Dungeon.
             The game lasted 00:00:29 (205 turns).

Aviak the Insei (Demigod Transmuter)                 Turns: 205, Time: 00:00:29

Health: -3/23      AC:  2    Str: 11    XL:     2   Next: 21%
Magic:  5/7        EV: 12    Int: 15    God:
Gold:   13         SH:  0    Dex: 14    Spells: 4/5 levels left

rFire    . . .     SeeInvis .     - Unarmed
rCold    . . .     Faith    .   (no shield)
rNeg     . . .     Spirit   .   a - +0 robe
rPois    .         Reflect  .   (helmet currently unavailable)
rElec    .         Harm     .   (no cloak)
rCorr    +         Rampage  .   (no gloves)
Will     .....                  (boots currently unavailable)
Stlth    +.........             (no amulet)
HPRegen  0.07/turn              b - ring of resist corrosion
MPRegen  0.10/turn              (no ring)

@: appendages, very slightly contaminated
A: horns 2, talons 2, high mp 1, forlorn
a: End Transformation


You were on level 1 of the Dungeon.
You had temporarily grown beastly horns and talons.
You visited 1 branch of the dungeon, and saw 1 of its levels.

You collected 13 gold pieces.

Inventory:

Armour
 a - a +0 robe (worn)
Jewellery
 b - a ring of resist corrosion (left hand)
Scrolls
 c - a scroll of amnesia {unknown}


   Skills:
 + Level 1.4 Fighting
 - Level 1.7 Dodging
 - Level 2.6 Unarmed Combat
 - Level 2.0 Spellcasting
 + Level 2.2 Transmutations


You had 4 spell levels left.
You knew the following spells:

 Your Spells              Type           Power      Damage    Failure   Level
a - Beastly Appendage     Tmut           16%        N/A       9%          1

Your spell library contained the following spells:

 Spells                   Type           Power      Damage    Failure   Level
 Wereblood                Tmut           8%         N/A       13%         2
 Spider Form              Tmut/Pois      2%         N/A       38%         3
 Ice Form                 Ice/Tmut       4%         N/A       80%         4


Dungeon Overview and Level Annotations

Branches:
Dungeon (1/15)


Innate Abilities, Weirdness & Mutations

You have temporarily grown beastly horns and talons.
Your attributes grow dramatically as you level up.
You have an increased reservoir of magic. (+10% MP)
You shall have no god before yourself.


Message History

The gnoll is heavily wounded.
The gnoll misses you.
You hit the gnoll. Your kick misses the gnoll.
The gnoll is heavily wounded.
The gnoll barely misses you.
You closely miss the gnoll. You claw the gnoll.
The gnoll is almost dead.
The gnoll misses you.
You closely miss the gnoll.
The gnoll is almost dead.
The gnoll barely misses you.
You hit the gnoll.
You kill the gnoll!
Training target 2.0 for Spellcasting reached!
Your Spellcasting skill increases to level 2!
Your Transmutations skill increases to level 2!
You have reached level 2!
You barely miss the hobgoblin.
Your horns disappear.
Your talons disappear.
The hobgoblin barely misses you.
You hit the hobgoblin but do no damage. The hobgoblin hits you with a +0 whip.
You hit the hobgoblin but do no damage. The hobgoblin hits you with a +0 whip.
You hit the hobgoblin but do no damage. The hobgoblin barely misses you.
You closely miss the hobgoblin. The hobgoblin closely misses you.
Casting: Beastly Appendage (safe; 9% risk of failure)
Confirm with . or Enter, or press ? or * to list all spells.
You miscast Beastly Appendage.
You are very lightly contaminated with residual magic.
Nothing appears to happen.
The hobgoblin hits you with a +0 whip.
* * * LOW HITPOINT WARNING * * *
Unknown command.
You aren't carrying any potions.
You hit the hobgoblin.
The hobgoblin is severely wounded.
The hobgoblin barely misses you.
Casting: Beastly Appendage (safe; 9% risk of failure)
Confirm with . or Enter, or press ? or * to list all spells.
You grow a pair of large bovine horns.
Your feet morph into talons.
The hobgoblin hits you with a +0 whip!
You die...

# .# ... # #^ . ..
###### #.# g ..#
......# #.# #
[###..# #####.# #.#
#. ##.#... #.# #.#
#..#....# #.###.#
#.g...#
#..##.########)###.#
#..##.......@gJ>...#
#..##..#############
#####......#
..†....###.#
..####.###.#
#.)........#
######.##### #.# ..#


You could see an endoplasm and a hobgoblin.

Vanquished Creatures
  A gnoll (D:1)
  A ball python (D:1)
  2 goblins (D:1)
  A hobgoblin (D:1)
  A kobold (D:1)
6 creatures vanquished.

Notes
Turn   | Place    | Note
-------+----------+-------------------------------------------
     0 | D:1      | Aviak the Demigod Transmuter began the quest for the Orb.
     0 | D:1      | Reached XP level 1. HP: 15/15 MP: 5/5
   152 | D:1      | Reached skill level 1 in Fighting
   197 | D:1      | Reached XP level 2. HP: 17/23 MP: 7/7
   205 | D:1      | Slain by a hobgoblin

Illustrated notes

Levels and vault maps discovered:
D:1:      evilmike_arrival_plus, layout_loops_ring, minmay_pentomino_x4

Skill      XL: |  1 |
---------------+----+-----
Fighting       | 1 |  1.4
Spellcasting   | 2 |  2.0
Transmutations | 2 |  2.2
Dodging        | |  1.7
Unarmed Combat | |  2.6

Action                   || total
-------------------------++-------
Melee: Unarmed           ||    26
       Kick              ||     2
       Headbutt          ||     1
 Cast: Beastly Appendage ||     3
Armor: Robe              ||     1
Dodge: Dodged            ||    17

Table legend: (Time is in decaauts)
 A = Elapsed time spent in this place.
 B = Non-inter-level travel time spent in this place.
 C = Inter-level travel time spent in this place.
 D = Time resting spent in this place.
 E = Time spent auto-exploring this place.
 F = Levels seen in this place.
 G = Mean time per level.
                   A        B        C        D        E       F      G
               +--------+--------+--------+--------+--------+-----+--------+
         Total |    203 |    203 |      0 |      0 |    162 |   1 |  203.0 |
       Dungeon |    203 |    203 |      0 |      0 |    162 |   1 |  203.0 |
               +--------+--------+--------+--------+--------+-----+--------+

Top non-repeatable levels by time:
     D:1: 203 daAuts
